 Dungeon Crawl Stone Soup version 0.31-a0-948-gf5be29c462 (webtiles) character file.

Game seed: 10029510112462987634

1251 Bnni the Cleaver (level 8, -3/74 HPs)
             Began as a Hill Orc Monk on Oct 21, 2023.
             Was a Believer of Beogh.
             Splashed by a jelly's acid (8 damage)
             ... on level 6 of the Dungeon.
             The game lasted 00:05:19 (4694 turns).

Bnni the Cleaver (Hill Orc Monk)                    Turns: 4694, Time: 00:05:20

Health: -3/74      AC: -5    Str: 16    XL:     8   Next: 51%
Magic:  8/8        EV: 10    Int: 10    God:    Beogh [**....]
Gold:   97         SH:  0    Dex: 13    Spells: 7/7 levels left

rFire   . . .        r - +2 dagger (venom)
rCold   . . .        d - orb {light}
rNeg    . . .        f - +0 plate armour
rPois   .            t - +0 helmet
rElec   .            (no cloak)
rCorr   .            (no gloves)
SInv    .            (no boots)
Will    .....        (no amulet) Stlth
                     s - +5 ring of evasion
HPRegen 0.32/turn    (no ring)
MPRegen 0.11/turn

%: no passive effects
@: corroded, glowing
A: no striking features
a: Renounce Religion, Smiting


You were on level 6 of the Dungeon.
You worshipped Beogh.
Beogh was pleased with you.
You visited 1 branch of the dungeon, and saw 6 of its levels.

You collected 266 gold pieces.
You spent 169 gold pieces at shops.

Inventory:

Hand Weapons
 a - a +0 hand axe
 r - a +2 dagger of venom (weapon)
 B - the +10 dagger of Shrieking Terror {pain, rF++ rC- rN++}
   (You found it on level 5 of the Dungeon)

   rF++:      It greatly protects you from fire.
   rC-:       It makes you vulnerable to cold.
   rN++:      It greatly protects you from negative energy.
Armour
 d - an orb of light (worn)
 f - a +0 plate armour (worn)
 t - a +0 helmet (worn)
 A - a +0 buckler
Jewellery
 s - a +5 ring of evasion (left hand)
Wands
 w - a wand of acid (7)
Scrolls
 e - 2 scrolls of identify {unknown}
 g - a scroll of poison {unknown}
 h - 2 scrolls of fog {unknown}
 i - 4 scrolls of teleportation {unknown}
 k - a scroll of revelation {unknown}
 n - 2 scrolls of fear {unknown}
 q - 3 scrolls of summoning {unknown}
 v - a scroll of brand weapon {unknown}
 x - 2 scrolls of torment {unknown}
 y - a scroll of blinking {unknown}
Potions
 b - a potion of brilliance {unknown}
 c - a potion of ambrosia
 j - 2 potions of curing
 l - 5 potions of heal wounds
 m - a potion of attraction {unknown}
 o - a potion of invisibility {unknown}
 p - a potion of enlightenment {unknown}
 u - a potion of cancellation {unknown}
 z - a potion of lignification {unknown}


   Skills:
 + Level 7.8 Fighting
 * Level 11.3 Axes
 - Level 2.4 Dodging


You had 7 spell levels left.
You didn't know any spells.
Your spell library contained the following spells:

 Spells                   Type           Power      Damage    Failure   Level
 Necrotise                Necr           0%         1d4       100%        1
 Sandblast                Erth           0%         2d4       100%        1
 Passwall                 Tmut/Erth      0%         N/A       100%        2
 Ozocubu's Armour         Ice            0%         N/A       100%        3
 Stone Arrow              Conj/Erth      0%         3d7       100%        3
 Vampiric Draining        Necr           0%         2d6       100%        3
 Brom's Barrelling Bould  Conj/Erth      0%         2d3       100%        4
 Agony                    Necr           0%         N/A       100%        5
 Ozocubu's Refrigeration  Ice            0%         4d7       100%        7


Dungeon Overview and Level Annotations

Branches:
Dungeon (6/15)             Temple (0/1) D:6

Altars:
Dithmenos
Gozag
Okawaru
Ru
Yredelemnul

Shops:
D:6 !


Message History

You hit the jelly but do no damage.
Your hands burn!
The jelly is heavily wounded.
The jelly hits you. The acid corrodes you!
You are splashed with acid!
You are too injured to fight recklessly!
You are too injured to fight recklessly!
You hit the jelly.
Your hands burn!
The jelly is severely wounded.
The jelly hits you. The acid corrodes you!
You are splashed with acid!
* * * LOW HITPOINT WARNING * * *
Unknown command.
You hit the jelly but do no damage.
Your hands burn!
* * * LOW HITPOINT WARNING * * *
The jelly is heavily wounded.
The jelly hits you.
* * * LOW HITPOINT WARNING * * *
The acid corrodes you!
You are splashed with acid!
* * * LOW HITPOINT WARNING * * *
Aiming: Corrosive Bolt
Press: ? - help, Shift-Dir - straight line, f - you
Okay, then.
Unknown command.
Press: ? - help, v - describe, . - travel
Here: a jelly (heavily wounded, haloed)
The floor.
You feel much better. The jelly hits you.
You are splashed with acid!
* * * LOW HITPOINT WARNING * * *
You hit the jelly but do no damage.
The jelly is poisoned.
Your hands burn!
* * * LOW HITPOINT WARNING * * *
The jelly is heavily wounded.
The jelly hits you.
* * * LOW HITPOINT WARNING * * *
You are splashed with acid!
* * * LOW HITPOINT WARNING * * *
You hit the jelly but do no damage.
Your hands burn!
* * * LOW HITPOINT WARNING * * *
The jelly is heavily wounded.
The jelly hits you.
* * * LOW HITPOINT WARNING * * *
You are splashed with acid!
You die...

..........# #...>...#.#
#..# ..........## #..##
#.......#... .....
..........# ...
#.#.#.#.#.# ...
..........# #.#
#.#....### #J# #.##...#
#@# #.###.## ##'##
#.....# ##...## #####.##
##.....## # #..##
##.......#
#####...####.........#
...........'.........'.
###.....####.........#.#
# #.....# ##%......##.#


You could see a jelly (poisoned).

Vanquished Creatures
  A wraith (D:5)
  A water moccasin (D:5)
  A black bear (D:4)
  4 phantoms
  A bullfrog (D:5)
  A water moccasin zombie (D:5)
  A spectral centaur (D:5)
  4 hounds
  An orc wizard (D:3)
  Natasha (thrice) (D:3)
  A bullfrog simulacrum (D:5)
  4 gnolls (D:5)
  7 adders
  A white imp (D:5)
  An adder zombie (D:5)
  3 worms
  A dart slug (D:4)
  11 orcs
  8 endoplasms
  3 giant cockroaches
  3 goblins
  11 hobgoblins
  8 jackals
  8 kobolds
  2 quokkas
  2 ball pythons (D:1)
  4 bats
  4 frilled lizards
  3 rats
  A spectral orc (D:4)
104 creatures vanquished.

Notes
Turn   | Place    | Note
-------+----------+-------------------------------------------
     0 | D:1      | Bnni the Hill Orc Monk began the quest for the Orb.
     0 | D:1      | Reached XP level 1. HP: 19/19 MP: 1/1
   129 | D:1      | You fall into a shaft and drop 1 floor!
   141 | D:2      | Reached XP level 2. HP: 25/27 MP: 2/2
   526 | D:1      | Reached skill level 5 in Axes
   558 | D:1      | Reached XP level 3. HP: 33/33 MP: 3/3
  1003 | D:2      | Found an opulent altar of Gozag.
  2057 | D:3      | Noticed Natasha
  2062 | D:3      | Killed Natasha
  2063 | D:3      | Reached XP level 4. HP: 33/41 MP: 4/4
  2067 | D:3      | Reached skill level 6 in Axes
  2334 | D:3      | Noticed Natasha
  2343 | D:3      | Killed Natasha
  2344 | D:3      | Reached XP level 5. HP: 47/47 MP: 5/5
  2357 | D:3      | Noticed Natasha
  2364 | D:3      | Killed Natasha
  2365 | D:3      | Reached skill level 5 in Fighting
  2530 | D:3      | Reached skill level 7 in Axes
  2669 | D:4      | Found an iron altar of Okawaru.
  2691 | D:4      | Noticed a black bear
  2699 | D:4      | Killed a black bear
  2700 | D:4      | Reached XP level 6. HP: 35/56 MP: 6/6
  2947 | D:4      | Found a sacrificial altar of Ru.
  3022 | D:4      | Reached skill level 8 in Axes
  3268 | D:4      | Reached XP level 7. HP: 56/63 MP: 7/7
  3518 | D:4      | Found a basalt altar of Yredelemnul.
  3564 | D:5      | Entered Level 5 of the Dungeon
  3582 | D:5      | Reached skill level 9 in Axes
  3643 | D:5      | Became a worshipper of Beogh the Brigand
  3643 | D:5      | Reached * piety under Beogh
  3643 | D:5      | Reached ** piety under Beogh
  3870 | D:5      | Found a shadowy altar of Dithmenos.
  4095 | D:5      | Reached skill level 10 in Axes
  4281 | D:5      | Noticed a wraith
  4314 | D:6      | Found Huoxid's Distillery.
  4323 | D:6      | Reached XP level 8. HP: 68/73 MP: 8/8
  4350 | D:6      | Bought a potion of heal wounds for 65 gold pieces
  4350 | D:6      | Bought a potion of curing for 39 gold pieces
  4350 | D:6      | Bought a potion of berserk rage for 65 gold pieces
  4573 | D:5      | Killed a wraith
  4574 | D:5      | Reached skill level 11 in Axes
  4587 | D:5      | Identified the +10 dagger of Shrieking Terror {pain, rF++
                  | rC- rN++}
  4640 | D:6      | Found a staircase to the Ecumenical Temple.
  4691 | D:6      | HP: 2/74 [acid (8)]
  4694 | D:6      | Splashed by a jelly's acid

Illustrated notes

Levels and vault maps discovered:
D:1:      wheals_arrival_shading, layout_basic
D:2:      layout_basic, basic_altar
D:3:      layout_rooms, uniq_natasha
D:4:      layout_loops_ring, nicolae_ru_sacrificial_ziggurat,
          yredelemnul_forgotten_temple_becter, okawaru_gym_becter
D:5:      layout_rooms, lemuel_round_altar, serial_curves, eino_curves_04,
          eino_curves_03, dilly_guarded_unrand_morg
D:6:      layout_loops_corners, minmay_temple_entry_glass, serial_shops,
          nicolae_shop_tiny_glass, grunt_ministairs_12, uniq_edmund

Skill      XL: |  1  2  3  4  5  6  7  8 |
---------------+-------------------------+-----
Fighting       | 4 5 6 7 |  7.8
Axes           | 5 6 7 8 10 11 | 11.3
Dodging        | |  2.4

Action                     |  1- 3 |  4- 6 |  7- 9 || total
---------------------------+-------+-------+-------++-------
  Melee: Hand axe          |   114 |    21 |    82 ||   217
         Dagger            |       |   125 |    83 ||   208
 Invoke: Convert to Beogh  |       |       |     1 ||     1
  Evoke: Wand              |       |       |     1 ||     1
    Use: Potion            |       |     1 |     2 ||     3
 Armour: Robe              |    12 |       |       ||    12
         Plate armour      |    89 |   121 |   118 ||   328
  Dodge: Dodged            |    31 |    60 |    86 ||   177

Table legend: (Time is in decaauts)
 A = Elapsed time spent in this place.
 B = Non-inter-level travel time spent in this place.
 C = Inter-level travel time spent in this place.
 D = Time resting spent in this place.
 E = Time spent auto-exploring this place.
 F = Levels seen in this place.
 G = Mean time per level.
                   A        B        C        D        E       F      G
               +--------+--------+--------+--------+--------+-----+--------+
         Total |   4685 |   4530 |    155 |     70 |   3646 |   6 |  780.8 |
       Dungeon |   4685 |   4530 |    155 |     70 |   3646 |   6 |  780.8 |
               +--------+--------+--------+--------+--------+-----+--------+

Top non-repeatable levels by time:
     D:2: 1247 daAuts
     D:5: 1015 daAuts
     D:4: 922 daAuts
     D:1: 704 daAuts
     D:3: 692 daAuts
     D:6: 103 daAuts
